 Dungeon Crawl Stone Soup version 0.27-a0-1434-g6f15984924 (webtiles) character file.

Game seed: 7023119066903510946

27 Gargoyl the Skirmisher (level 3, -5/35 HPs)
             Began as a Gnoll Abyssal Knight on July 3, 2021.
             Was a Follower of Lugonu.
             Killed from afar by a starcursed mass (11 damage)
             ... with an accursed screaming
             ... on level 1 of the Abyss.
             The game lasted 00:00:27 (120 turns).

Gargoyl the Skirmisher (Gnoll Abyssal Knight)        Turns: 120, Time: 00:00:28

Health: -5/35      AC:  3    Str: 12    XL:     3   Next: 10%
Magic:  6/6        EV: 12    Int: 11    God:    Lugonu [*.....]
Gold:   0          SH:  0    Dex: 11    Spells: 3/3 levels left

rFire    . . .     SeeInvis .   a - +1 hand axe
rCold    . . .     Faith    .   (no shield)
rNeg     . . .     Spirit   .   b - +0 leather armour
rPois    .         Reflect  .   (no helmet)
rElec    .         Harm     .   (no cloak)
rCorr    .         Rampage  .   (no gloves)
Will     .....                  (no boots)
Stlth    +.........             (no amulet)
HPRegen  0.11/turn              (no ring)
MPRegen  0.10/turn              (no ring)

@: no status effects
A: fangs 1, strong nose, distributed training
a: Renounce Religion, Depart the Abyss


You were on level 1 of the Abyss.
You worshipped Lugonu.
Lugonu was aware of your devotion.
You visited 0 branches of the dungeon, and saw 0 of its levels.
You visited the Abyss 1 time.

Inventory:

Hand Weapons
 a - a +1 hand axe (weapon)
Armour
 b - a +0 leather armour (worn)


   Skills:
 + Level 6.5 Fighting
 + Level 0.6 Short Blades
 + Level 0.6 Long Blades
 + Level 4.5 Axes
 + Level 0.6 Maces & Flails
 + Level 0.6 Polearms
 + Level 0.6 Staves
 + Level 0.6 Slings
 + Level 0.6 Bows
 + Level 0.6 Crossbows
 + Level 0.6 Throwing
 + Level 4.5 Armour
 + Level 2.5 Dodging
 + Level 0.6 Stealth
 + Level 0.6 Shields
 + Level 0.6 Unarmed Combat
 + Level 0.6 Spellcasting
 + Level 0.4 Conjurations
 + Level 0.4 Hexes
 + Level 0.4 Summonings
 + Level 0.4 Necromancy
 + Level 0.4 Translocations
 + Level 0.4 Transmutations
 + Level 0.4 Fire Magic
 + Level 0.4 Ice Magic
 + Level 0.4 Air Magic
 + Level 0.4 Earth Magic
 + Level 0.4 Poison Magic
 + Level 4.5 Invocations
 + Level 0.6 Evocations


You had 3 spell levels left.
You didn't know any spells.
Your spell library was empty.

Dungeon Overview and Level Annotations

Branches:
Dungeon (0/15)

Altars:


Innate Abilities, Weirdness & Mutations

You have very sharp teeth.
Your uncanny sense of smell can sniff out nearby items.
Your experience applies equally to all skills.


Message History

The iron imp is moderately wounded.
The iron imp hits you.
You slash the iron imp!
The iron imp is almost dead.
The iron imp closely misses you.
Unknown command.
You hit the iron imp but do no damage.
The iron imp is almost dead.
The iron imp barely misses you.
You barely miss the iron imp.
The iron imp is almost dead.
The iron imp hits you but does no damage.
Unknown command.
You hit the iron imp.
You kill the iron imp!
You have reached level 2!
You have reached level 3!
Your experience leads to an increase in your attributes!
Increase (S)trength, (I)ntelligence, or (D)exterity?
You feel stronger.
Unknown command.
Unknown command.
The substance of the Abyss twists violently, and a gateway leading out appears!
A starcursed mass comes into view.
Unknown command.
A starcursed mass is nearby!
A starcursed mass splits.
A starcursed mass splits.
A starcursed mass splits. x2
Unknown command.
You hit the starcursed mass but do no damage. x2
The starcursed mass misses you. The starcursed mass touches you.
A starcursed mass splits.
You hit the starcursed mass but do no damage.
You hit the starcursed mass. x2
The starcursed mass shudders and is absorbed by its neighbour. x2
The starcursed mass touches you!
* * * LOW HITPOINT WARNING * * *
A chorus of shrieks assaults your mind.
You die...

.# . X# ... #. ..
......# #...∩
###.## # #
#.#.##.#.#...# #
# .##. #
###..#..# # # # .
.#. ......#... ..
# .#..
.####X#...... . .
#..
.#.##...X.X...#..
#...
.....#...@X#.#..#
.### . ..
##......#.## ..
.. ....
#.#########
..#.#.##### .. #
∆ . ... #... #...
. . ## #.## ## #
.# # #


You could see 4 starcursed masses.

Vanquished Creatures
  An iron imp (Abyss:1)
1 creature vanquished.

Notes
Turn   | Place    | Note
-------+----------+-------------------------------------------
     0 | Abyss:1  | Gargoyl the Gnoll Abyssal Knight began the quest for the
                  | Orb.
     0 | Abyss:1  | Reached XP level 1. HP: 23/23 MP: 3/3
    80 | Abyss:1  | Noticed an iron imp
    90 | Abyss:1  | Killed an iron imp
    91 | Abyss:1  | Reached XP level 2. HP: 16/29 MP: 5/5
    91 | Abyss:1  | Reached XP level 3. HP: 20/35 MP: 6/6
    98 | Abyss:1  | Noticed a starcursed mass
   120 | Abyss:1  | Killed from afar by a starcursed mass

Illustrated notes

Levels and vault maps discovered:
Abyss:1:  base: Temple, base:
Temple

Action                   || total
-------------------------++-------
Melee: Hand axe          ||    11
Armor: Leather armour    ||     1
Dodge: Dodged            ||     3

Table legend: (Time is in decaauts)
 A = Elapsed time spent in this place.
 B = Non-inter-level travel time spent in this place.
 C = Inter-level travel time spent in this place.
 D = Time resting spent in this place.
 E = Time spent auto-exploring this place.
 F = Levels seen in this place.
 G = Mean time per level.
                   A        B        C        D        E       F      G
               +--------+--------+--------+--------+--------+-----+--------+
         Total |    120 |    120 |      0 |      0 |     92 |   1 |  120.0 |
         Abyss |    120 |    120 |      0 |      0 |     92 |   1 |  120.0 |
               +--------+--------+--------+--------+--------+-----+--------+

Top non-repeatable levels by time:
 Abyss:1: 120 daAuts
